Map: Dusk Towers

Players

LiquidMaNa (MaNa) - Winner!

  • Race: Protoss Protoss
  • League: Grandmaster

Reynor

  • Race: Zerg Zerg
  • League: Grandmaster

Event: Corsair Cup 14

VOD

https://www.youtube.com/watch?v=bCnS6iE3144

Description

Time

  • Played on: March 21, 2016, 1:44 p.m.
  • Length: 13:09

All games in this series

Show
View Real Time Build Order
Export as new Build Order

LiquidMaNa Protoss - Winner!

Build Orders: 1 Gate Expand, Oracle Opening 

Get SALT Encoding   

  12  0:00  Probe (Chrono Boost)  
  13  0:11  Probe (Chrono Boost)  
  14  0:17  Pylon  
  14  0:21  Probe (Chrono Boost)  
  15  0:35  Probe (Chrono Boost)  
  16  0:36  Gateway  
  16  0:46  Probe (Chrono Boost)  
  16  0:47  Assimilator  
  17  0:56  Probe (Chrono Boost)  
  18  1:07  Probe (Chrono Boost)  
  19  1:20  Nexus  
  19  1:24  Probe (Chrono Boost)  
  20  1:34  Cybernetics Core  
  20  1:38  Probe (Chrono Boost)  
  21  1:43  Assimilator  
  21  1:48  Probe (Chrono Boost)  
  22  1:55  Pylon  
  22  1:59  Probe (Chrono Boost)  
  23  2:12  Warp Gate  
  23  2:13  Stalker (Chrono Boost), Probe  
  26  2:25  Probe (Chrono Boost)  
  27  2:31  Stargate  
  27  2:32  Probe (Chrono Boost)  
  29  2:37  Probe (Chrono Boost)  
  29  2:40  Adept  
  29  2:43  Probe (Chrono Boost)  
  32  2:47  Probe (Chrono Boost)  
  33  2:54  Probe (Chrono Boost)  
  33  2:58  Probe (Chrono Boost)  
  35  3:04  Probe (Chrono Boost)  
  36  3:08  Probe (Chrono Boost)  
  37  3:13  Gateway  
  37  3:14  Oracle (Chrono Boost)  
  37  3:17  Gateway  
  37  3:18  Probe  
  41  3:21  Probe  
  42  3:28  Probe  
  43  3:34  Mothership Core  
  43  3:40  Pylon, Probe  
  46  3:56  Probe  
  46  3:59  Nexus, Pylon  
  45  4:05  Gateway  
  45  4:09  Gateway, Probe  
  45  4:10  Probe (Chrono Boost)  
  45  4:16  Adept x2  
  50  4:19  Adept  
  52  4:30  Probe x2 (Chrono Boost)  
  54  4:39  Zealot  
  54  4:40  Sentry x2  
  54  4:45  Robotics Facility  
  59  4:48  Pylon  
  60  4:53  Probe x2 (Chrono Boost)  
  60  4:56  Forge  
  61  5:04  Probe (Chrono Boost)  
  62  5:10  Probe (Chrono Boost)  
  63  5:18  Zealot x4  
  63  5:20  Protoss Ground Weapons Level 1 (Chrono Boost)  
  72  5:21  Probe (Chrono Boost)  
  72  5:25  Assimilator  
  70  5:28  Assimilator  
  70  5:31  Probe (Chrono Boost)  
  70  5:32  Warp Prism (Chrono Boost), Probe (Chrono Boost)  
  68  5:38  Probe  
  68  5:41  Probe  
  69  5:44  Twilight Council, Probe  
  69  5:47  Zealot  
  69  5:48  Zealot x2  
  77  5:52  Probe  
  77  5:54  Probe  
  77  5:56  Probe  
  80  5:57  Assimilator  
  80  6:06  Observer (Chrono Boost)  
  80  6:09  Probe, Phoenix  
  80  6:11  Probe  
  85  6:15  Pylon x3  
  85  6:23  Charge, Pylon  
  85  6:33  Probe x2  
  85  6:35  Immortal (Chrono Boost)  
  91  6:41  Templar Archives  
  91  6:42  Zealot x3  
  95  6:54  Adept  
  95  6:55  Zealot  
  97  7:01  Probe  
  97  7:02  Probe  
  97  7:03  Probe  
  97  7:05  Zealot x3  
  106  7:11  Immortal (Chrono Boost)  
  106  7:14  Robotics Facility  
  110  7:16  Assimilator  
  110  7:20  Zealot x2  
  108  7:23  Probe  
  108  7:25  Probe x2  
  108  7:26  Protoss Ground Weapons Level 2  
  108  7:29  Zealot x2  
  107  7:30  Zealot  
  107  7:34  Psionic Storm  
  107  7:35  Probe  
  106  7:37  Probe  
  103  7:45  Immortal (Chrono Boost)  
  103  7:50  High Templar  
  103  7:51  Probe  
  109  7:52  Probe x2  
  109  7:53  High Templar, Zealot  
  112  8:05  Immortal (Chrono Boost)  
  116  8:17  Pylon  
  116  8:19  Pylon  
  116  8:22  Pylon  
  116  8:23  Pylon  
  116  8:26  Pylon  
  116  8:30  Immortal  
  116  8:33  Stargate  
  116  8:35  Phoenix  
  116  8:36  Photon Cannon  
  116  8:38  Sentry x2  
  126  8:46  Stalker  
  126  8:47  Stalker x2  
  127  9:00  Phoenix  
  129  9:06  Archon  
  121  9:10  Zealot x5  
  131  9:17  Warp Prism  
  131  9:18  Phoenix (Chrono Boost)  
  135  9:30  Phoenix (Chrono Boost)  
  137  9:39  Stalker  
  141  9:52  Phoenix (Chrono Boost)  
  143  9:57  Pylon x2  
  143  10:01  Pylon  
  143  10:03  Pylon  
  143  10:05  Photon Cannon  
  143  10:06  Protoss Air Weapons Level 1  
  143  10:11  High Templar x2  
  143  10:14  Phoenix (Chrono Boost)  
  149  10:15  Photon Cannon, Phoenix (Chrono Boost)  
  149  10:16  Archon  
  149  10:25  Probe x2  
  150  10:29  Nexus  
  150  10:31  Zealot x2  
  150  10:32  Zealot  
  148  10:36  Pylon  
  148  10:38  Pylon  
  148  10:43  Zealot x5  
  137  11:08  Zealot x5  
  137  11:09  Probe  
  137  11:10  Probe  
  133  11:12  Immortal  
  133  11:17  Immortal  
  133  11:18  Phoenix (Chrono Boost)  
  130  11:33  High Templar x5  
  130  11:38  Nexus  
  140  11:42  Photon Cannon  
  140  11:45  Photon Cannon  
  140  11:48  Oracle, Observer  
  144  11:58  Photon Cannon  
  144  12:00  Assimilator  
  144  12:05  Zealot x4  
  144  12:06  Zealot  
  144  12:07  Immortal, Assimilator  
  154  12:12  Immortal  
  150  12:38  Archon x2  
  150  12:40  High Templar x4, Zealot  
  150  12:44  Probe  
  147  12:57  Probe x2  
Show
View Real Time Build Order
Export as new Build Order

Reynor Zerg 

Build Orders: Hatch First, Lurkers 

Get SALT Encoding   

  12  0:01  Drone  
  13  0:13  Overlord  
  13  0:17  Drone  
  14  0:23  Extractor, Drone  
  15  0:31  Drone  
  16  0:37  Drone  
  17  0:54  Hatchery  
  17  0:56  Drone  
  17  0:59  Drone  
  18  1:13  Spawning Pool  
  18  1:15  Drone  
  18  1:17  Extractor  
  17  1:21  Drone  
  18  1:28  Drone  
  19  1:40  Drone  
  20  1:49  Overlord  
  20  2:00  Queen  
  22  2:06  Queen  
  22  2:07  Drone  
  22  2:08  Drone  
  26  2:12  Drone  
  27  2:17  Drone  
  27  2:21  Metabolic Boost  
  27  2:22  Drone  
  29  2:35  Hatchery  
  28  2:39  Drone x2  
  28  2:41  Zergling x2  
  31  2:47  Overlord  
  31  2:50  Overlord  
  31  2:54  Zergling x2  
  32  3:06  Queen  
  32  3:10  Zergling x2  
  32  3:11  Zergling x10  
  40  3:15  Drone  
  40  3:16  Drone  
  40  3:17  Drone  
  43  3:21  Overlord  
  43  3:24  Drone  
  44  3:28  Spore Crawler  
  44  3:30  Drone  
  44  3:41  Drone x4  
  48  3:45  Overlord  
  48  3:46  Drone  
  49  3:49  Drone  
  49  3:56  Zergling x4  
  49  4:00  Zergling x2  
  49  4:07  Spore Crawler  
  49  4:08  Queen  
  50  4:11  Drone x2  
  50  4:12  Drone  
  50  4:15  Drone  
  50  4:16  Drone x2  
  56  4:17  Drone x2  
  56  4:20  Drone x2  
  56  4:21  Drone  
  56  4:22  Drone  
  61  4:29  Drone  
  61  4:30  Spore Crawler, Drone  
  62  4:33  Drone  
  62  4:37  Extractor  
  62  4:41  Drone x2  
  65  4:45  Drone  
  65  4:50  Overlord  
  65  4:51  Overlord  
  65  4:53  Overlord  
  64  5:00  Queen  
  64  5:04  Zergling x2  
  64  5:06  Zergling x2  
  64  5:07  Zergling x4  
  64  5:08  Overlord  
  64  5:09  Zergling x4  
  64  5:10  Zergling x6  
  69  5:18  Drone  
  66  5:25  Drone x2  
  66  5:30  Drone x4  
  66  5:31  Drone x3  
  66  5:33  Lair  
  66  5:34  Drone x5  
  77  5:45  Extractor  
  77  5:46  Evolution Chamber  
  77  5:49  Extractor  
  74  5:52  Drone x3  
  74  5:53  Hatchery  
  74  5:54  Extractor, Drone x2  
  77  5:59  Overlord  
  76  6:05  Drone x3  
  76  6:06  Drone x3  
  76  6:07  Drone  
  76  6:08  Extractor  
  76  6:10  Drone, Queen  
  85  6:12  Zerg Melee Weapons Level 1  
  85  6:13  Zergling x8  
  85  6:17  Pneumatized Carapace  
  89  6:20  Drone  
  89  6:22  Zergling x2  
  91  6:26  Zergling x2  
  91  6:27  Roach Warren  
  91  6:30  Zergling x8  
  91  6:31  Overseer  
  95  6:40  Drone x2, Spire  
  95  6:43  Zergling x12  
  95  6:44  Overlord  
  100  6:50  Zergling x4  
  92  7:05  Zergling x10  
  92  7:07  Roach x5  
  107  7:14  Roach  
  107  7:15  Roach x3  
  113  7:19  Zergling x2  
  106  7:25  Zergling x8  
  94  7:52  Mutalisk  
  94  7:53  Mutalisk x5  
  94  7:55  Overlord x4  
  94  7:56  Zerg Flyer Weapons Level 1  
  104  8:01  Overlord  
  104  8:07  Hydralisk Den  
  103  8:13  Hatchery  
  103  8:14  Mutalisk x4  
  103  8:16  Drone x4, Queen  
  116  8:22  Mutalisk  
  116  8:26  Drone  
  119  8:27  Drone  
  119  8:29  Glial Reconstitution, Queen  
  119  8:30  Drone  
  119  8:31  Drone x2  
  125  8:38  Overlord  
  125  8:39  Zergling x2, Lurker Den  
  126  8:42  Overlord  
  126  8:51  Mutalisk x2  
  128  8:58  Mutalisk  
  128  9:10  Mutalisk x2  
  128  9:16  Drone x4  
  128  9:17  Drone x3  
  139  9:20  Zerg Missile Weapons Level 1  
  139  9:21  Mutalisk  
  139  9:22  Hatchery  
  140  9:26  Drone x3  
  140  9:27  Overlord  
  139  9:48  Hydralisk x3  
  139  9:49  Hydralisk x2  
  139  9:52  Drone x5  
  146  9:53  Drone x5  
  146  9:57  Hydralisk x4  
  146  9:58  Extractor, Queen  
  146  9:59  Extractor  
  159  10:04  Hydralisk x2  
  163  10:08  Infestation Pit  
  163  10:11  Hydralisk x2, Spore Crawler x2  
  163  10:12  Spore Crawler x2  
  162  10:18  Drone x2  
  162  10:19  Spore Crawler  
  162  10:20  Hydralisk x2  
  167  10:23  Hatchery  
  166  10:34  Zergling x2  
  166  10:35  Zergling x18  
  172  10:39  Lurker x4  
  172  10:41  Overlord x3  
  170  10:50  Overlord  
  170  10:51  Overlord  
  170  10:52  Overlord  
  165  11:00  Hydralisk x5  
  165  11:01  Zergling x2  
  155  11:04  Hydralisk  
  155  11:07  Hydralisk x2  
  122  11:11  Hydralisk x2  
  122  11:12  Zergling x2  
  122  11:13  Zergling x2, Hydralisk  
  122  11:16  Hydralisk  
  122  11:17  Zergling x4  
  116  11:20  Hydralisk  
  116  11:23  Hydralisk  
  112  11:42  Lurker x3  
  112  11:43  Lurker  
  116  11:50  Hatchery  
  116  11:51  Drone  
  116  11:52  Drone x9  
  125  11:54  Hydralisk  
  125  11:59  Hydralisk  
  125  12:00  Hydralisk x2  
  134  12:09  Hydralisk x2  
  139  12:15  Zergling x6  
  139  12:16  Zergling x4  
  139  12:20  Spore Crawler  
  139  12:22  Hydralisk x2  
  134  12:34  Hydralisk x5  
  121  12:41  Hydralisk x2  
  121  12:42  Hydralisk  
Tags
 
Add a new tag
Caveats
  • Supply blocks, unpowered buildings, or Contaminate may cause inaccurate times.
  • Supply counts are checked every 10 seconds.